 Dungeon Crawl Stone Soup version 0.28-a0-1524-ge72afd5fc6 (webtiles) character file.

Game seed: 13746950921725782902

7 frimble the Grasshopper (level 1, -1/16 HPs)
             Began as a Demonspawn Warper on Jan 18, 2022.
             Slain by a jackal (3 damage)
             ... on level 1 of the Dungeon.
             The game lasted 00:00:40 (1139 turns).

frimble the Grasshopper (Demonspawn Warper)         Turns: 1139, Time: 00:00:40

Health: -1/16      AC:  5    Str: 11    XL:     1   Next: 83%
Magic:  3/3        EV: 11    Int: 14    God:
Gold:   37         SH:  0    Dex: 12    Spells: 4/4 levels left

rFire   . . .      SeeInvis .   a - +0 short sword
rCold   . . .      Faith    .   (no shield)
rNeg    . . .      Spirit   .   b - +0 leather armour
rPois   .          Reflect  .   (no helmet)
rElec   .          Harm     .   (no cloak)
rCorr   .          Rampage  .   (no gloves)
Will    .....                   i - +1 pair of boots
Stlth   +.........              (no amulet)
HPRegen 0.05/turn               (no ring)
MPRegen 0.08/turn               (no ring)

@: no status effects
A: no striking features
a: no special abilities


You were on level 1 of the Dungeon.
You visited 1 branch of the dungeon, and saw 2 of its levels.

You collected 37 gold pieces.

Inventory:

Hand Weapons
 a - a +0 short sword (weapon)
Missiles
 d - 4 boomerangs of dispersal (quivered)
Armour
 b - a +0 leather armour (worn)
 i - a +1 pair of boots (worn)
Jewellery
 g - a ring of positive energy
Scrolls
 c - a scroll of blinking
Potions
 f - a potion of attraction


   Skills:
 - Level 2.0 Fighting
 + Level 2.1 Short Blades
 - Level 0.8 Throwing
 - Level 0.8 Armour
 + Level 2.1 Dodging
 - Level 2.0 Spellcasting
 - Level 2.6 Translocations


You had 4 spell levels left.
You didn't know any spells.
Your spell library contained the following spells:

 Spells                   Type           Power      Damage    Failure   Level
 Blink                    Tloc           16%        N/A       16%         2
 Gell's Gravitas          Tloc           8%         N/A       30%         3
 Lesser Beckoning         Tloc           8%         N/A       30%         3
 Teleport Other           Tloc           8%         N/A       30%         3
 Manifold Assault         Tloc           8%         N/A       96%         5


Dungeon Overview and Level Annotations

Branches:
Dungeon (2/15)

Altars:


Message History

No target in view!
No target in view!
No target in view!
You climb downwards.
The jackal bites you. x2; The jackal closely misses you.
The jackal bites you.
The kobold hits you with a +0 short sword.
There is a stone staircase leading up here.
The jackal bites you. x2
The kobold hits you with a +0 short sword.
The jackal closely misses you.
You climb upwards.
There is a stone staircase leading down here.
You don't know any spells.
The kobold barely misses you. The jackal closely misses you.
The jackal barely misses you. The jackal barely misses you.
The jackal barely misses you.
You barely miss the jackal.
The jackal bites you but does no damage.
Throw: 5 boomerangs (disperse)
Press: ? - help, Q - select action Shift-Dir - straight line, f - kobold
Aim: a kobold, wielding a +0 short sword (50% to hit)
You throw a boomerang of dispersal.
The boomerang of dispersal hits the jackal.
The jackal blinks!
The jackal is moderately wounded.
The jackal bites you but does no damage.
The jackal bites you. The kobold hits you but does no damage.
You barely miss the kobold. The jackal barely misses you.
The kobold hits you with a +0 short sword.
* * * LOW HITPOINT WARNING * * *
The jackal closely misses you. x2
The jackal bites you but does no damage.
The jackal barely misses you. The jackal closely misses you.
The jackal bites you.
* * * LOW HITPOINT WARNING * * *
The jackal closely misses you. The jackal bites you.
You die...

.............######...#
..................#.##########
....#.............#..........####
..................+..............
###.#.#######.....#..........####
###.#.### #.....#..........#
........# #.....#..........###
###.#.#.#####..h..#............#
###>.........K.h@.'............##
...†....#.........#.#######....#.
###...###.........#.# ##.....
#...# #.........#.# #..... #...#
#.........#.########..... #...#
#.........#.............. #...#
#.........#.............. #...#
#.........#..........)... #...#
#.........#..............


You could see 2 jackals and a kobold.

Vanquished Creatures
  A hobgoblin (D:1)
  A jackal (D:1)
  A ball python (D:1)
  2 bats (D:1)
  A kobold (D:1)
  A rat (D:1)
7 creatures vanquished.

Notes
Turn   | Place    | Note
-------+----------+-------------------------------------------
     0 | D:1      | frimble the Demonspawn Warper began the quest for the Orb.
     0 | D:1      | Reached XP level 1. HP: 16/16 MP: 3/3
   617 | D:1      | Found a faded altar of an unknown god.
  1139 | D:1      | Slain by a jackal

Illustrated notes

Levels and vault maps discovered:
D:1:      mrwooster_arrival_arrow, layout_basic, shapermc_ecumenical_altar_venn
D:2:      cheibrodos_fertilizer, layout_loops_ring, minmay_tall_x

Skill      XL: |  1 |
---------------+----+-----
Short Blades   | 2 |  2.1
Dodging        | 2 |  2.1
Fighting       | |  2.0
Throwing       | |  0.8
Armour         | |  0.8
Spellcasting   | |  2.0
Translocations | |  2.6

Action                   || total
-------------------------++-------
Melee: Short sword       ||    26
       Punch             ||     1
Throw: Boomerang         ||     1
  Use: Scroll            ||     2
Armor: Leather armour    ||     8
Dodge: Dodged            ||    27

Table legend: (Time is in decaauts)
 A = Elapsed time spent in this place.
 B = Non-inter-level travel time spent in this place.
 C = Inter-level travel time spent in this place.
 D = Time resting spent in this place.
 E = Time spent auto-exploring this place.
 F = Levels seen in this place.
 G = Mean time per level.
                   A        B        C        D        E       F      G
               +--------+--------+--------+--------+--------+-----+--------+
         Total |   1140 |   1128 |     12 |      0 |   1041 |   2 |  570.0 |
       Dungeon |   1140 |   1128 |     12 |      0 |   1041 |   2 |  570.0 |
               +--------+--------+--------+--------+--------+-----+--------+

Top non-repeatable levels by time:
     D:1: 1136 daAuts
     D:2: 4 daAuts
